 Dungeon Crawl Stone Soup version 0.27.0-66-gdc8fb28755 (webtiles) character file.

Game seed: 6523446282362266056

44 Naeght the Poker (level 3, -2/19 (27) HPs)
             Began as a Merfolk Gladiator on Aug 19, 2021.
             Slain by a gnoll (11 damage)
             ... on level 2 of the Dungeon.
             The game lasted 00:02:55 (1124 turns).

Naeght the Poker (Merfolk Gladiator)                Turns: 1124, Time: 00:02:56

HP:   -2/19 (27)    AC:  4    Str: 14    XL:     3   Next: 62%
MP:   3/3           EV: 13    Int:  7    God:
Gold: 124           SH:  0    Dex: 16    Spells: 2/2 levels left

rFire    . . .     SeeInvis .   a - +0 trident
rCold    . . .     Faith    .   (no shield)
rNeg     . . .     Spirit   .   b - +0 leather armour
rPois    .         Reflect  .   c - +0 helmet
rElec    .         Harm     .   (no cloak)
rCorr    .         Rampage  .   (no gloves)
Will     .....                  (no boots)
Stlth    +.........             (no amulet)
HPRegen  0.06/turn              (no ring)
MPRegen  0.08/turn              (no ring)

@: very heavily drained
A: (nimble swimmer 2), mertail
a: no special abilities


You were on level 2 of the Dungeon.
You visited 1 branch of the dungeon, and saw 2 of its levels.

You collected 124 gold pieces.

Inventory:

Hand Weapons
 a - a +0 trident (weapon)
Missiles
 d - 3 throwing nets (quivered)
Armour
 b - a +0 leather armour (worn)
 c - a +0 helmet (worn)
Scrolls
 e - a scroll of identify {unknown}
 f - 4 scrolls of teleportation {unknown}
 h - 2 scrolls of acquirement {unknown}
 i - a scroll of enchant weapon {unknown}
 j - a scroll of summoning {unknown}
Potions
 g - a potion of magic {unknown}


   Skills:
 - Level 2.1 Fighting
 + Level 6.6 Polearms
 - Level 2.0 Throwing
 - Level 4.0 Dodging


You had 2 spell levels left.
You didn't know any spells.
Your spell library contained the following spells:

 Spells                   Type           Power      Damage    Failure   Level
 Ozocubu's Armour         Ice            0%         N/A       87%         3
 Tukima's Dance           Hex            0%         N/A       87%         3
 Passage of Golubria      Tloc           N/A        N/A       99%         4
 Metabolic Englaciation   Hex/Ice        0%         N/A       100%        5
 Yara's Violent Unravell  Hex/Tmut       0%         3d3       100%        5
 Simulacrum               Ice/Necr       0%         N/A       100%        6


Dungeon Overview and Level Annotations

Branches:
Dungeon (2/15)

Altars:

Shops:
D:1 (=(:


Innate Abilities, Weirdness & Mutations

((You are quick and stealthy near water. (Stealth+, EV+, Speed+++)))
Your lower body shifts to a powerful aquatic tail in water.


Message History

You are too injured to fight recklessly!
You are too injured to fight recklessly!
You are too injured to fight recklessly!
You are too injured to fight recklessly!
You are too injured to fight recklessly!
You are too injured to fight recklessly!
You are too injured to fight recklessly!
You are too injured to fight recklessly!
You are too injured to fight recklessly!
You are too injured to fight recklessly!
You are too injured to fight recklessly!
You are too injured to fight recklessly!
You are too injured to fight recklessly!
You are too injured to fight recklessly!
You are too injured to fight recklessly!
You are too injured to fight recklessly!
You are too injured to fight recklessly!
You are too injured to fight recklessly!
You are too injured to fight recklessly!
You are too injured to fight recklessly!
You are too injured to fight recklessly!
You are too injured to fight recklessly!
You are too injured to fight recklessly!
You are too injured to fight recklessly!
You are too injured to fight recklessly!
You are too injured to fight recklessly!
You are too injured to fight recklessly!
You are too injured to fight recklessly!
You are too injured to fight recklessly!
You are too injured to fight recklessly!
You are too injured to fight recklessly!
You hit the gnoll but do no damage.
The gnoll is heavily wounded.
The gnoll hits you with a +1 flail of draining.
You feel drained.
You closely miss the gnoll.
The gnoll is heavily wounded.
The gnoll hits you with a +1 flail of draining!
Ouch! That really hurt!
You die...

#.#.#.##### #.
#.#.#.##... #.
#.#........ #..
#......#... ..
#.##...#### .#
####......# ##
#. ..##..###.#
#.
#g####.##......#
#.
#.@.##.###.#####
#.
#...##.##.###.#
#. ###
#.........# #.
#.......#####
##. #########
#.. ..# #.# ##.
#.#


You could see a gnoll.

Vanquished Creatures
  An adder (D:2)
  A ball python (D:1)
  3 bats (D:2)
  6 goblins
  4 hobgoblins
  4 jackals (D:2)
  4 kobolds
  4 quokkas
  A frilled lizard (D:1)
  3 rats (D:1)
31 creatures vanquished.

Vanquished Creatures (others)
  5 toadstools (D:1)
5 creatures vanquished.

Grand Total: 36 creatures vanquished

Notes
Turn   | Place    | Note
-------+----------+-------------------------------------------
     0 | D:1      | Naeght the Merfolk Gladiator began the quest for the Orb.
     0 | D:1      | Reached XP level 1. HP: 16/16 MP: 1/1
    13 | D:1      | Found Siuts's Book Emporium.
    73 | D:1      | Found Qyibauc's Jewellery Emporium.
    81 | D:1      | Reached skill level 5 in Polearms
    97 | D:1      | Reached XP level 2. HP: 22/22 MP: 2/2
   103 | D:1      | Found Rookib's Weapon Emporium.
   370 | D:1      | Found Ekuterri's Antique Weapon Emporium.
   388 | D:1      | Found Neots's Book Shop.
   517 | D:1      | Found a faded altar of an unknown god.
   582 | D:2      | Reached skill level 6 in Polearms
   582 | D:2      | Reached XP level 3. HP: 25/27 MP: 3/3
  1124 | D:2      | Slain by a gnoll

Illustrated notes

Levels and vault maps discovered:
D:1:      ldierk_walled_garden, layout_rooms, serial_shops,
          nicolae_diamond_shop, nicolae_square_shop, nicolae_shop_crystal, shop,
          nicolae_shop_waterfront, dreamdust_ecumenical_altar_hidden_monk_grotto
D:2:      layout_loops_cross, minmay_goblin_kobold_house

Skill      XL: |  1  2 |
---------------+-------+-----
Polearms       | 5 6 |  6.6
Fighting       | |  2.1
Throwing       | |  2.0
Dodging        | |  4.0

Action                   || total
-------------------------++-------
Melee: Trident           ||    92
 Stab: Sleeping          ||     1
Armor: Leather armour    ||    26
Dodge: Dodged            ||    71
